 Dungeon Crawl Stone Soup version 0.29.1-2-gbd0b4ee654 (webtiles) character file.

Game seed: 10423263438360595707

127 safid the Shooter (level 4, -4/40 HPs)
             Began as a Minotaur Hunter on Nov 17, 2022.
             Slain by a kobold brigand
             ... wielding a +0 short sword
              (9 damage)
             ... on level 7 of the Dungeon.
             The game lasted 00:03:52 (2598 turns).

safid the Shooter (Minotaur Hunter)                 Turns: 2598, Time: 00:03:52

Health: -4/40      AC:  3    Str: 14 (15) XL:     4   Next: 85%
Magic:  3/3        EV: 12    Int:  3 (6)  God:
Gold:   115        SH:  0    Dex: 13 (16) Spells: 3/3 levels left

rFire   . . .      SeeInvis +   a - +0 shortbow
rCold   . . .      Faith    .   (shield currently unavailable)
rNeg    . . .      Spirit   .   c - +0 leather armour
rPois   .          Reflect  .   (helmet restricted)
rElec   .          Harm     .   (no cloak)
rCorr   .          Rampage  .   (no gloves)
Will    .....                   (no boots)
Stlth   ++........              (no amulet)
HPRegen 0.13/turn               l - ring of see invisible
MPRegen 0.08/turn               (no ring)

@: no status effects
A: horns 2, retaliatory headbutt
a: no special abilities


You were on level 7 of the Dungeon.
You visited 1 branch of the dungeon, and saw 5 of its levels.

You collected 115 gold pieces.

Inventory:

Hand Weapons
 a - a +0 shortbow (weapon)
Armour
 c - a +0 leather armour (worn)
Jewellery
 h - a ring of fire
 i - a ring of ice
 l - a ring of see invisible (left hand)
 q - a ring of wizardry
Scrolls
 b - a scroll of immolation
 d - 2 scrolls of vulnerability {unknown}
 f - 4 scrolls of identify {unknown}
 j - 6 scrolls of teleportation {unknown}
 m - a scroll of butterflies {unknown}
 o - a scroll of poison {unknown}
 r - a scroll of enchant armour {unknown}
Potions
 e - a potion of degeneration
 g - 2 potions of flight {unknown}
 k - 2 potions of haste {unknown}
 n - a potion of berserk rage {unknown}
 p - a potion of lignification {unknown}
 s - a potion of attraction {unknown}
 t - a potion of cancellation {unknown}


   Skills:
 + Level 3.6 Fighting
 + Level 5.1 Ranged Weapons
 + Level 3.3 Dodging
 + Level 2.1 Stealth


You had 3 spell levels left.
You didn't know any spells.
Your spell library contained the following spells:

 Spells                   Type           Power      Damage    Failure   Level
 Gell's Gravitas          Tloc           0%         N/A       93%         3
 Lesser Beckoning         Tloc           0%         N/A       93%         3
 Teleport Other           Tloc           0%         N/A       93%         3


Dungeon Overview and Level Annotations

Branches:
Dungeon (7/15)
 Temple: D:4-7

Altars:
Fedhas
Nemelex Xobeh

Annotations:
D:3 exclusion: oklob plant


Innate Abilities, Weirdness & Mutations

You have a pair of horns on your head.
You reflexively headbutt those who attack you in melee.


Message History

Aim: a shadow imp (heavily wounded, 60% to hit)
You shoot an arrow. The kobold brigand shouts!
The arrow hits the shadow imp!
You kill the shadow imp!
The kobold throws a stone.
The stone barely misses you.
Unknown command.
Fire: a) +0 shortbow
Press: ? - help, Q - select action Shift-Dir - straight line, f - kobold
Aim: a kobold, wielding a +0 whip (56% to hit)
You shoot an arrow.
The arrow hits the kobold but does no damage.
Unknown command.
Fire: a) +0 shortbow
Press: ? - help, Q - select action Shift-Dir - straight line, f/p - kobold
Aim: a kobold, wielding a +0 whip (56% to hit)
You shoot an arrow.
The arrow hits the kobold but does no damage.
The kobold barely misses you. The kobold hits you with a +0 whip.
* * * LOW HITPOINT WARNING * * *
Fire: a) +0 shortbow
Press: ? - help, Q - select action Shift-Dir - straight line, f/p - kobold
Aim: a kobold, wielding a +0 whip (56% to hit)
You shoot an arrow. The arrow closely misses the kobold.
The arrow hits the kobold.
You kill the kobold!
The kobold closely misses you.
Fire: a) +0 shortbow
Press: ? - help, Q - select action Shift-Dir - straight line, f/p - kobold
Aim: a kobold, wielding a +0 whip (56% to hit)
You shoot an arrow. The arrow barely misses the kobold.
The arrow hits the kobold.
The kobold is severely wounded.
The kobold hits you but does no damage.
Unknown command.
It was a potion of degeneration.
There was something very wrong with that liquid.
You feel weakened.
You feel dopey.
You feel clumsy.
The kobold brigand hits you with a +0 short sword!
You die...

.......###.. ....#
#.# #.##.
.......##..###...#
#.######.
+#'######.##.##..#
#........ #...##
#.#.$.#..#
######### ...#..#
#.#.∩.#..# ...##.#
#.#.5=#..#
...##.###.##5##..#
...##..##..###...#
...###.........#@#
...# ####....###K#
... ###..#


KKK ##.#..).. #.#...... #.+....... ###........ #..)...... You could see a kobold
brigand and 3 kobolds.

Vanquished Creatures
  An orc priest (D:7)
  2 adders (D:2)
  A shadow imp (D:7)
  A worm (D:2)
  2 dart slugs
  2 orcs (D:7)
  7 ball pythons
  5 endoplasms
  5 giant cockroaches
  A goblin (D:1)
  5 hobgoblins
  3 jackals (D:1)
  A quokka (D:2)
  5 bats (D:1)
  3 frilled lizards
  10 kobolds
  7 rats
61 creatures vanquished.

Vanquished Creatures (others)
  13 toadstools (D:3)
13 creatures vanquished.

Grand Total: 74 creatures vanquished

Notes
Turn   | Place    | Note
-------+----------+-------------------------------------------
     0 | D:1      | safid the Minotaur Hunter began the quest for the Orb.
     0 | D:1      | Reached XP level 1. HP: 18/18 MP: 0/0
    88 | D:1      | Reached skill level 1 in Stealth
   133 | D:1      | Found a faded altar of an unknown god.
   154 | D:1      | Reached XP level 2. HP: 25/25 MP: 1/1
   565 | D:1      | Reached XP level 3. HP: 29/31 MP: 2/2
   962 | D:2      | Found a sparkling altar of Nemelex Xobeh.
  1612 | D:2      | Reached XP level 4. HP: 38/38 MP: 3/3
  2192 | D:3      | Found a blossoming altar of Fedhas.
  2219 | D:3      | Noticed an oklob plant
  2342 | D:4      | You fall into a shaft and drop 3 floors!
  2425 | D:7      | Reached skill level 5 in Ranged Weapons
  2592 | D:7      | Noticed a kobold brigand
  2598 | D:7      | Slain by a kobold brigand

Illustrated notes

Levels and vault maps discovered:
D:1:      dpeg_arrival_signposts, layout_basic,
          shapermc_ecumenical_altar_pompeii
D:2:      layout_basic, basic_altar
D:3:      layout_rooms, tgw_fedhas
D:4:      layout_rooms, minmay_temple_entry_statues_fountains,
          portal_sewer_entry_c
D:7:      cheibrodos_quashed, layout_basic, grunt_temple_overflow_open,
          serial_shops, nicolae_shop_statue_plus, uniq_joseph

Skill      XL: |  1  2  3  4 |
---------------+-------------+-----
Stealth        | 1 2 |  2.1
Fighting       | 3 |  3.6
Dodging        | 3 |  3.3
Ranged Weapons | 5 |  5.1

Action                   |  1- 3 |  4- 6 || total
-------------------------+-------+-------++-------
 Fire: Shortbow          |   117 |    60 ||   177
  Use: Potion            |       |     1 ||     1
Armor: Leather armour    |    13 |     9 ||    22
Dodge: Dodged            |    49 |    14 ||    63
